 Dungeon Crawl Stone Soup version 0.28-a0-1389-gc726bef33b (webtiles) character file.

Game seed: 9881412420376221857

6 yourHiro the Skirmisher (level 1, 0/19 HPs)
             Began as a Ghoul Monk on Jan 4, 2022.
             Slain by a ball python (2 damage)
             ... on level 2 of the Dungeon.
             The game lasted 00:01:24 (816 turns).

yourHiro the Skirmisher (Ghoul Monk)                 Turns: 816, Time: 00:01:25

Health: 0/19       AC:  2    Str: 14    XL:     1   Next: 90%
Magic:  0/0        EV: 12    Int:  5    God:
Gold:   17         SH:  0    Dex: 11    Spells: 0/0 levels left

rFire   . . .      SeeInvis .     - Unarmed
rCold   + . .      Faith    .   (no shield)
rNeg    + + +      Spirit   .   a - +0 robe
rPois   ∞          Reflect  .   (no helmet)
rElec   .          Harm     .   (no cloak)
rCorr   .          Rampage  .   (no gloves)
Will    .....                   (no boots)
Stlth   ++........              (no amulet)
HPRegen 0.00/turn               (no ring)
MPRegen 0.07/turn               (no ring)

@: inhibited regen
A: claws 1, cold resistance 1, negative energy resistance 3, inhibited
regeneration, torment resistance 2
a: no special abilities


You were on level 2 of the Dungeon.
You visited 1 branch of the dungeon, and saw 2 of its levels.

You collected 17 gold pieces.

Inventory:

Armour
 a - a +0 robe (worn)
Scrolls
 b - 3 scrolls of teleportation {unknown}
 e - a scroll of magic mapping {unknown}
 f - a scroll of amnesia {unknown}
Potions
 c - a potion of lignification {unknown}
 d - a potion of heal wounds {unknown}


   Skills:
 + Level 3.5 Fighting
 + Level 2.7 Dodging
 + Level 2.2 Stealth
 + Level 3.4 Unarmed Combat


You couldn't memorise any spells.
You didn't know any spells.
Your spell library was empty.

Dungeon Overview and Level Annotations

Branches:
Dungeon (2/15)

Altars:


Innate Abilities, Weirdness & Mutations

You thrive by killing the living.
You are immune to poison.
You have sharp fingernails.
Your flesh is cold resistant. (rC+)
You are immune to negative energy. (rN+++)
You do not regenerate when monsters are visible.
You are immune to unholy pain and torment.


Message History

Found a stone staircase leading down.
A goblin comes into view. It is wielding a +0 dagger.
The goblin shouts!
The goblin unwields a +0 dagger.
The goblin wields a +0 hunting sling.
The goblin shoots a stone.
The stone closely misses you.
Number of times to repeat, then command key: You must enter the number of times for the command to repeat.
Nothing quivered!
Nothing quivered!
Unknown command.
The goblin shoots a stone.
The stone hits you.
The goblin shoots a stone.
The stone hits you.
The goblin shoots a stone.
The stone misses you.
The goblin shoots a stone.
The stone barely misses you.
A goblin and a kobold come into view.
The goblin unwields a +0 hunting sling.
The goblin wields a +0 dagger.
The goblin hits you with a +0 dagger.
The kobold shouts!
The goblin hits you with a +0 dagger.
You closely miss the goblin.
The goblin shouts!
The goblin hits you but does no damage.
You scratch the goblin but do no damage.
The goblin barely misses you.
You miss the goblin.
A ball python comes into view.
The goblin hits you with a +0 dagger.
* * * LOW HITPOINT WARNING * * *
The ball python hisses angrily.
You scratch the goblin.
You kill the goblin!
You feel better. The goblin barely misses you.
The goblin hits you but does no damage.
Items here: ( )) †.
The goblin hits you with a +0 club.
* * * LOW HITPOINT WARNING * * *
There is a stone staircase leading up here.
The goblin closely misses you. The kobold barely misses you.
The ball python bites you.
You die...

#.>... #......
#.....##
##..#..#########
###...............
..........).......
#.......#.......
#..KS...#.......
#..@g...########
#.......#
#########


You could see a goblin, a ball python and a kobold.

Vanquished Creatures
  An endoplasm (D:1)
  3 goblins
  A bat (D:1)
  A frilled lizard (D:1)
6 creatures vanquished.

Notes
Turn   | Place    | Note
-------+----------+-------------------------------------------
     0 | D:1      | yourHiro the Ghoul Monk began the quest for the Orb.
     0 | D:1      | Reached XP level 1. HP: 19/19 MP: 0/0
   467 | D:1      | Found a faded altar of an unknown god.
   816 | D:2      | Slain by a ball python

Illustrated notes

Levels and vault maps discovered:
D:1:      dpeg_arrival_rhombi, layout_loops_ring,
          shapermc_ecumenical_altar_notcrosses, hangedman_abyss_or_decor_stabs,
          bh_walls_and_bars
D:2:      layout_rooms, uniq_sigmund

Action                   || total
-------------------------++-------
Melee: Unarmed           ||    22
 Stab: Sleeping          ||     1
Armor: Robe              ||     3
Dodge: Dodged            ||    20

Table legend: (Time is in decaauts)
 A = Elapsed time spent in this place.
 B = Non-inter-level travel time spent in this place.
 C = Inter-level travel time spent in this place.
 D = Time resting spent in this place.
 E = Time spent auto-exploring this place.
 F = Levels seen in this place.
 G = Mean time per level.
                   A        B        C        D        E       F      G
               +--------+--------+--------+--------+--------+-----+--------+
         Total |    815 |    767 |     48 |      0 |    684 |   2 |  407.5 |
       Dungeon |    815 |    767 |     48 |      0 |    684 |   2 |  407.5 |
               +--------+--------+--------+--------+--------+-----+--------+

Top non-repeatable levels by time:
     D:1: 784 daAuts
     D:2: 30 daAuts
